 Dungeon Crawl Stone Soup version 0.24-a0-201-gf2055891f0 (webtiles) character file.

Game seed: 12223483129954445851

83875 MrRokkomies the Thrower (level 15, -3/168 HPs)
             Began as an Ogre Hunter on Mar 18, 2019.
             Was the Champion of Okawaru.
             Killed by divine providence
             ... invoked by a smoke demon
              (17 damage)
             ... on level 4 of the Abyss on Mar 19, 2019.
             The game lasted 01:26:01 (21940 turns).

MrRokkomies the Thrower (Ogre Hunter)              Turns: 21940, Time: 01:26:02

Health: -3/168     AC: 19    Str: 23    XL:     15   Next: 78%
Magic:  21/21      EV: 36    Int: 15    God:    Okawaru [******]
Gold:   553        SH:  0    Dex: 26    Spells: 14/14 levels left

rFire    + . .     SeeInvis .   a - +3 quarterstaff of Deug {drain, rElec Dex+7}
rCold    + . .     Gourm    .   (shield currently unavailable)
rNeg     . . .     Faith    .   I - +1 storm dragon scales
rPois    +         Spirit   .   w - +0 hat of the Camelopard {-Cast Str+3 Int+3}
rElec    +         Reflect  .   o - +1 cloak (curse)
rCorr    +         Harm     .   (gloves unavailable)
MR       +....     NoCast   +   (boots unavailable)
Stlth    ..........             L - amulet of the acrobat
HPRegen  0.38/turn              E - ring of Phasing {EV+8}
MPRegen  0.17/turn              r - +5 ring of dexterity

@: about to teleport, resistant, acrobat, flying, studying Throwing
A: large, unfitting armour, rugged brown scales 1, poison resistance, robust 1,
tough skin 1
a: Heroism, Finesse, Renounce Religion


You were on level 4 of the Abyss.
You worshipped Okawaru.
Okawaru was exalted by your worship.
You were not hungry.

You visited 4 branches of the dungeon, and saw 22 of its levels.
You visited the Abyss 1 time.

You collected 2098 gold pieces.
You spent 1545 gold pieces at shops.

Inventory:

Hand Weapons
 a - the +3 quarterstaff of Deug (weapon) {drain, rElec Dex+7}
   (You acquired it on level 10 of the Dungeon)

   A truly terrible weapon, it drains the life of those it strikes.
   It affects your dexterity (+7).
   It insulates you from electricity.
 b - a +3 blowgun
 Y - a +6 quarterstaff of distortion
Missiles
 c - 4 large rocks
 d - 2 throwing nets
 g - 7 javelins
 p - 8 javelins of penetration
 v - 58 poisoned needles
 A - 9 tomahawks (quivered)
 M - 16 curare-tipped needles
 P - 8 needles of confusion
Armour
 o - a cursed +1 cloak (worn)
 w - the +0 hat of the Camelopard (worn) {-Cast Str+3 Int+3}
   (Okawaru gifted it to you on level 5 of the Lair of Beasts)

   It affects your strength (+3).
   It affects your intelligence (+3).
   It prevents spellcasting.
 I - +1 storm dragon scales (worn)
Jewellery
 h - an uncursed ring of see invisible
 r - a +5 ring of dexterity (right hand)
 E - the ring of Phasing (left hand) {EV+8}
   (You found it on level 6 of the Dungeon)

   [ring of evasion]

   It affects your evasion (+8).
 L - an amulet of the acrobat (around neck)
 O - an uncursed ring of flight
 U - an uncursed ring of positive energy
 W - an uncursed ring of resist corrosion
Wands
 s - a wand of disintegration (7)
 y - a wand of flame (21)
 B - a wand of enslavement (8)
 D - a wand of iceblast (25)
 F - a wand of paralysis (14)
 Q - a wand of acid (7)
 R - a wand of digging (1)
 S - a wand of polymorph (9)
 V - a wand of scattershot (7)
Scrolls
 l - 8 scrolls of remove curse
 m - 8 scrolls of teleportation
 x - 5 scrolls of magic mapping
 K - 2 scrolls of fog
 T - 3 scrolls of identify
 Z - 2 scrolls of fear
Potions
 e - 6 potions of curing
 j - 7 potions of flight
 k - 3 potions of magic
 n - 2 potions of invisibility
 t - 3 potions of brilliance
 u - 6 potions of agility
 z - 2 potions of berserk rage
 C - a potion of haste
 J - 5 potions of lignification
Books
 X - a manual of Throwing
Miscellaneous
 q - a phantom mirror
 G - a box of beasts
Comestibles
 f - 52 rations


   Skills:
 - Level 10.0 Fighting
 - Level 14.0 Staves
 * Level 14.1 Throwing
 - Level 10.0 Armour
 - Level 8.4 Dodging
 - Level 0.6 Stealth
 - Level 8.0 Invocations
 * Level 6.5 Evocations


You had 14 spell levels left.
You didn't know any spells.
Your spell library contained the following spells:

 Spells                   Type           Power        Failure   Level  Hunger
 Animate Skeleton         Necr           N/A          83%         1    ##.....
 Apportation              Tloc           #.....       83%         1    ##.....
 Confusing Touch          Hex            #.....       83%         1    ##.....
 Corona                   Hex            #......      83%         1    ##.....
 Sandblast                Erth           #.....       83%         1    ##.....
 Summon Butterflies       Summ           #.......     83%         1    ##.....
 Summon Small Mammal      Summ           #...         83%         1    ##.....
 Passwall                 Tmut/Erth      #.......     93%         2    ###....
 Slow                     Hex            #.......     93%         2    ###....
 Inner Flame              Hex/Fire       #.......     99%         3    ####...
 Lesser Beckoning         Tloc           #.........   99%         3    ####...
 Portal Projectile        Hex/Tloc       #.....       99%         3    ####...
 Stone Arrow              Conj/Erth      #.....       99%         3    ####...
 Tukima's Dance           Hex            #.......     99%         3    ####...
 Cause Fear               Hex            #.........   100%        4    #####..
 Leda's Liquefaction      Hex/Erth       #.........   100%        4    #####..
 Petrify                  Tmut/Erth      #.......     100%        4    #####..
 Alistair's Intoxication  Tmut/Pois      #.......     100%        5    ######.
 Lee's Rapid Deconstruct  Erth           #.........   100%        5    ######.
 Invisibility             Hex            #.......     100%        6    #######


Dungeon Overview and Level Annotations

Branches:
Dungeon (13/15)            Temple (1/1) D:7            Lair (6/6) D:11
  Swamp (0/4) Lair:2       Spider (0/4) Lair:4        Slime (0/5) Lair:6
    Orc (2/2) D:12            Elf (0/3) Orc:2
 Vaults: D:13-14

Altars:
Ashenzari
Cheibriados
Dithmenos
Elyvilon
Fedhas
Gozag
Hepliaklqana
Kikubaaqudgha
Makhleb
Nemelex Xobeh
Okawaru
Qazlal
Ru
Sif Muna
Trog
Uskayaw
Vehumet
Wu Jian
Xom
Yredelemnul
Zin
The Shining One

Shops:
D:8 [   Orc:1 :   Orc:2 *%(:

Annotations:
Lair:6 exclusion: 3 oklob plants


Innate Abilities, Weirdness & Mutations

You are too large for most types of armour.
You have tough skin. (AC +1)
You are partially covered in rugged brown scales. (AC +1, +3% HP)
Your system is resistant to poisons. (rPois)
You are robust. (+10% HP)


Message History

The worldbinder calls forth creatures from the Vaults!
You feel better.
The worldbinder calls forth creatures from the Vaults!
The smoke demon closely misses you. The smoke demon misses you.
The smoke demon closely misses you.
You feel ill.
The worldbinder calls forth creatures from the Vaults!
You feel better. The smoke demon misses you.
The smoke demon completely misses you.
The smoke demon hits you but does no damage.
You feel yourself growing ill in the presence of the ancient zyme.
The worldbinder calls forth creatures from the Vaults!
The worldbinder completely misses you. The worldbinder closely misses you.
The blizzard demon waves its arms in wide circles.
The air twists around and violently strikes you in flight!
* * * LOW HITPOINT WARNING * * *
The worldbinder completely misses you.
The worldbinder hits you but does no damage.
The smoke demon gestures at you. Something smites you!
You die...

. ≈≈≈#.≈≈≈≈#..
≈≈≈≈≈≈≈≈≈≈#≈.
.≈≈≈≈≈≈≈.≈≈.. #
.≈≈≈≈≈≈≈≈≈≈##.
#≈≈#≈≈≈≈≈≈≈†.# #
#.≈≈≈≈≈≈≈≈≈#. .
#..≈≈≈≈≈≈≈≈#. .##
. #.h≈≈≈≈≈≈@≈#.#
#
≈.(#.≈hX≈3#≈≈≈###
φ≈≈h≈≈≈≈≈≈x≈≈≈# #
.≈#.h≈≈≈≈≈≈#.#
#≈≈.≈x≈≈≈≈≈#.# .≈
#≈≈≈≈≈≈≈≈≈≈#.##
≈≈#≈≈2≈≈≈≈≈≈≈#. #
. #.≈≈≈≈≈≈≈≈≈≈#
## .
#.≈≈≈≈≈≈#≈≈≈# #


You could see a blizzard demon, an ancient zyme, a large abomination, a
worldbinder, a smoke demon and 3 raiju.

Vanquished Creatures
  An orc warlord (Orc:1)
  Azrael (D:12)
  Josephine (Lair:4)
  A merfolk impaler (Abyss:4)
  A yaktaur captain (D:11)
  Harold (D:10)
  Erolcha (D:10)
  A rakshasa (Abyss:3)
  4 ogre magi (Orc:2)
  3 hydras
  13 two-headed ogres
  7 death yaks
  A thrashing horror (Abyss:3)
  A deep troll earth mage (D:11)
  Urug (Lair:5)
  Sonja (Orc:1)
  Nergalle (D:10)
  4 starcursed masses (Abyss:3)
  An orc sorcerer (Orc:2)
  A deep elf mage (D:11)
  A manticore (D:13)
  An ugly thing (D:11)
  A worldbinder (Abyss:3)
  A cyclops (D:12)
  Joseph (D:10)
  A black mamba (Lair:6)
  Psyche (D:9)
  2 smoke demons
  2 gargoyles
  8 spiny frogs
  A rime drake (Lair:1)
  11 komodo dragons
  3 kobold demonologists (D:12)
  A hellwing (Abyss:3)
  An ancient zyme (Abyss:3)
  A queen bee (Orc:1)
  5 trolls
  4 hornets (Lair:6)
  2 polar bears (Lair:6)
  A bog body (Lair:2)
  11 blink frogs
  3 raiju (Abyss:4)
  7 dream sheep
  6 hippogriffs
  A hydra skeleton (Abyss:4)
  Sigmund (D:6)
  15 spriggans
  A ynoxinul (Abyss:4)
  A wyvern (Lair:2)
  A shadow (D:12)
  8 wraiths
  33 yaks
  A basilisk (Lair:6)
  3 fire elementals (D:12)
  2 hungry ghosts
  A chaos spawn (Abyss:4)
  A warg (Orc:1)
  Menkaure (D:7)
  3 hell hounds (D:12)
  3 large abominations
  15 water moccasins
  7 orc warriors
  4 sky beasts
  9 porcupines
  An ice beast (D:8)
  An ettin simulacrum (Abyss:4)
  8 black bears
  An eye of draining (D:10)
  A phantom (D:9)
  3 boggarts (Lair:6)
  25 ogres
  22 wolves (Lair:6)
  9 crocodiles
  8 centaurs
  7 big kobolds
  15 bullfrogs
  39 killer bees
  3 scorpions
  A wight (D:11)
  9 howler monkeys
  2 crimson imps (D:6)
  2 centaur zombies
  A bullfrog zombie (D:8)
  4 hounds
  A quasit (D:11)
  3 jellies
  8 orc priests
  2 centaur skeletons
  16 orc wizards
  2 bullfrog skeletons
  5 iguanas
  A lightning spire (Abyss:4)
  7 worker ants
  4 hound zombies
  4 hound skeletons
  17 adders
  3 shadow imps
  2 oozes
  2 adder zombies
  2 worms
  2 dart slugs (D:1)
  3 leopard geckos
  35 orcs
  4 ball pythons
  3 giant cockroaches
  7 goblins
  10 hobgoblins
  9 jackals
  5 quokkas
  5 bats
  11 frilled lizards
  29 kobolds
  A leopard gecko skeleton (D:4)
  A leopard gecko zombie (D:2)
  12 rats
  A lurking horror (Abyss:4)
612 creatures vanquished.

Vanquished Creatures (collateral kills)
  A plant (Lair:5)
1 creature vanquished.

Vanquished Creatures (others)
  An unseen horror (D:11)
  An orc sorcerer (Orc:1)
  A polar bear (Lair:6)
  2 trolls
  2 hippogriffs (Lair:6)
  A blink frog (Lair:6)
  3 orc warriors
  A black bear (Lair:6)
  2 wolves (Lair:6)
  A boggart (Lair:6)
  3 ogres (Orc:2)
  A killer bee (Orc:1)
  A jelly (D:11)
  An iguana (D:12)
  A shadow imp (D:11)
  A bush (Lair:4)
  2 fungi
  2 plants (Lair:4)
27 creatures vanquished.

Grand Total: 640 creatures vanquished

Notes
Turn   | Place    | Note
-------+----------+-------------------------------------------
     0 | D:1      | MrRokkomies the Ogre Hunter began the quest for the Orb.
     0 | D:1      | Reached XP level 1. HP: 22/22 MP: 1/1
   138 | D:1      | Reached XP level 2. HP: 29/31 MP: 2/2
   539 | D:1      | Reached XP level 3. HP: 37/39 MP: 3/3
  1001 | D:2      | Found a basalt altar of Yredelemnul.
  1130 | D:2      | Reached XP level 4. HP: 24/49 MP: 4/4
  1576 | D:2      | Found a glowing silver altar of Zin.
  1576 | D:2      | Found a radiant altar of Vehumet.
  1586 | D:2      | Reached skill level 5 in Throwing
  1879 | D:3      | Reached skill level 5 in Fighting
  1899 | D:3      | Reached XP level 5. HP: 21/57 MP: 5/5
  2354 | D:3      | Found a sacrificial altar of Ru.
  2624 | D:3      | Found a glowing golden altar of the Shining One.
  2636 | D:3      | Gained mutation: Your system is resistant to poisons.
                  | (rPois) [potion of mutation]
  2636 | D:3      | Gained mutation: You are robust. (+10% HP) [potion of
                  | mutation]
  2636 | D:3      | Gained mutation: You are partially covered in rugged brown
                  | scales. (AC +1, +3% HP) [potion of mutation]
  2666 | D:4      | Reached XP level 6. HP: 66/75 MP: 6/6
  3108 | D:4      | Reached XP level 7. HP: 82/88 MP: 7/7
  3465 | D:5      | Entered Level 5 of the Dungeon
  4209 | D:5      | Reached skill level 1 in Staves
  4510 | D:5      | Reached XP level 8. HP: 100/100 MP: 8/8
  5497 | D:6      | Noticed Sigmund
  5897 | D:6      | Found a deep blue altar of Sif Muna.
  5967 | D:6      | Found a white marble altar of Elyvilon.
  5969 | D:6      | Found the ring of Phasing {EV+8}
  6093 | D:6      | Got a steaming hand axe
  6094 | D:6      | Identified the +7 hand axe of Irritation {flame, rF+ Dex+4}
                  | (You found it on level 6 of the Dungeon)
  6820 | D:6      | Killed Sigmund
  6877 | D:7      | Found a bloodstained altar of Trog.
  6889 | D:7      | Reached skill level 10 in Fighting
  6937 | D:7      | Reached XP level 9. HP: 114/114 MP: 9/9
  6998 | D:7      | Noticed Menkaure
  6999 | D:7      | Killed Menkaure
  6999 | D:7      | Reached skill level 1 in Armour
  7063 | D:7      | Found a staircase to the Ecumenical Temple.
  7084 | Temple   | Entered the Ecumenical Temple
  7478 | D:7      | Found a white marble altar of Elyvilon.
  7595 | D:7      | Found an iron altar of Okawaru.
  7598 | D:7      | Found a snail-covered altar of Cheibriados.
  7605 | D:7      | Became a worshipper of Warmaster Okawaru
  7704 | D:8      | Noticed a two-headed ogre
  7717 | D:8      | Killed a two-headed ogre
  7717 | D:8      | Reached * piety under Okawaru
  7717 | D:8      | Reached skill level 5 in Staves
  7962 | D:8      | Found Pannass's Antique Armour Shoppe.
  7984 | D:8      | Noticed a troll
  7984 | D:8      | Noticed a two-headed ogre
  7985 | D:8      | Found the +8 longbow "Zephyr" {speed, Dex+3 SInv}
  7990 | D:8      | Killed a two-headed ogre
  7990 | D:8      | Reached skill level 5 in Armour
  7990 | D:8      | Reached XP level 10. HP: 124/124 MP: 10/10
  7996 | D:8      | Reached ** piety under Okawaru
  8795 | D:9      | Noticed Psyche
  8803 | D:9      | Killed Psyche
  9043 | D:8      | Reached *** piety under Okawaru
  9523 | D:9      | Found an ornate altar of the Wu Jian Council.
  9523 | D:9      | Found a blossoming altar of Fedhas.
  9524 | D:9      | Found an ancient bone altar of Kikubaaqudgha.
  9545 | D:9      | Found a shattered altar of Ashenzari.
  9605 | D:10     | Entered Level 10 of the Dungeon
  9687 | D:10     | Identified a scroll of acquirement
  9688 | D:10     | Got a polished quarterstaff
  9689 | D:10     | Identified the +3 quarterstaff of Deug {drain, rElec Dex+7}
                  | (You acquired it on level 10 of the Dungeon)
  9739 | D:10     | Noticed Nergalle
  9759 | D:10     | Reached **** piety under Okawaru
  9764 | D:10     | Reached XP level 11. HP: 87/132 MP: 11/11
  9809 | D:10     | Killed Nergalle
 10216 | D:10     | Reached skill level 10 in Staves
 10328 | D:10     | Noticed Erolcha
 10342 | D:10     | Killed Erolcha
 10342 | D:10     | Received a gift from Okawaru
 10468 | D:10     | Noticed Joseph
 10473 | D:10     | Noticed Harold
 10485 | D:10     | Killed Joseph
 10485 | D:10     | Received a gift from Okawaru
 10493 | D:10     | Killed Harold
 10524 | D:10     | Reached ***** piety under Okawaru
 10664 | D:10     | Reached XP level 12. HP: 142/142 MP: 12/12
 10675 | D:10     | Reached skill level 10 in Armour
 11084 | D:11     | Upgraded the game from 0.24-a0-190-g063869c372 to
                  | 0.24-a0-201-gf2055891f0
 11367 | D:11     | Noticed a deep troll earth mage
 11387 | D:11     | Killed a deep troll earth mage
 11387 | D:11     | Reached XP level 13. HP: 109/150 MP: 13/13
 11395 | D:11     | Noticed a yaktaur captain
 11414 | D:11     | Killed a yaktaur captain
 11414 | D:11     | Received a gift from Okawaru
 11415 | D:11     | Found the +10 large shield of Ignorance {rN+ Int-4}
 11694 | D:11     | Reached skill level 5 in Dodging
 11928 | D:11     | Found a staircase to the Lair.
 11944 | Lair:1   | Entered Level 1 of the Lair of Beasts
 12690 | Lair:2   | Found a staircase to the Swamp.
 13291 | Lair:3   | Found an ancient bone altar of Kikubaaqudgha.
 14425 | Lair:4   | Reached ****** piety under Okawaru
 14436 | Lair:4   | Noticed Josephine
 14452 | Lair:4   | Received a gift from Okawaru
 14473 | Lair:4   | Killed Josephine
 14695 | Lair:4   | Reached XP level 14. HP: 154/161 MP: 14/14
 14778 | Lair:4   | Reached skill level 1 in Invocations
 14993 | Lair:4   | Reached skill level 10 in Throwing
 15420 | Lair:4   | Found a hole to the Spider Nest.
 15887 | Lair:5   | Received a gift from Okawaru
 15892 | Lair:5   | Got a transparent hat {god gift}
 15898 | Lair:5   | Identified the +0 hat of the Camelopard {-Cast Str+3 Int+3}
                  | (Okawaru gifted it to you on level 5 of the Lair of Beasts)
 16104 | Lair:5   | Noticed Urug
 16110 | Lair:5   | Killed Urug
 16362 | Lair:6   | Entered Level 6 of the Lair of Beasts
 16376 | Lair:6   | Reached skill level 5 in Invocations
 16776 | Lair:6   | Found a staircase to the Slime Pits.
 17059 | Lair:6   | Found a sparkling altar of Nemelex Xobeh.
 18219 | D:12     | Received a gift from Okawaru
 18295 | D:12     | Found a staircase to the Orcish Mines.
 18295 | D:12     | Noticed Azrael
 18320 | D:12     | Reached skill level 1 in Evocations
 19106 | D:12     | Killed Azrael
 19106 | D:12     | Reached XP level 15. HP: 168/168 MP: 15/21
 19352 | Orc:1    | Entered Level 1 of the Orcish Mines
 19402 | Orc:1    | Noticed Sonja
 19410 | Orc:1    | Killed Sonja
 19904 | Orc:1    | Found Vuasm's Book Shop.
 20011 | Orc:2    | Entered Level 2 of the Orcish Mines
 20090 | Orc:2    | Noticed an orc warlord
 20131 | Orc:1    | Killed an orc warlord
 20131 | Orc:1    | Received a gift from Okawaru
 20170 | Orc:2    | Paralysed by an orc sorcerer for 4 turns
 20589 | Orc:2    | Found a staircase to the Elven Halls.
 20592 | Orc:2    | Found Milaaf's Food Emporium.
 20592 | Orc:2    | Found Waytopn's Assorted Antiques.
 20648 | Orc:2    | Received a gift from Okawaru
 20726 | Orc:2    | Received a gift from Okawaru
 20727 | Orc:2    | Reached skill level 5 in Evocations
 20811 | Orc:2    | Received a gift from Okawaru
 21046 | Orc:2    | Found Vozeivuck's Book Shop.
 21047 | Orc:2    | Found Erihuacs's Antique Weapon Emporium.
 21250 | Orc:1    | Bought a manual of Throwing for 1545 gold pieces
 21325 | D:13     | Received a gift from Okawaru
 21331 | D:13     | Cast into level 3 of the Abyss (a distortion unwield)
 21340 | Abyss:3  | Noticed a hellephant
 21388 | Abyss:3  | Found a blossoming altar of Fedhas.
 21534 | Abyss:3  | Paralysed by accursed screaming for 1 turns
 21664 | Abyss:4  | Noticed a tentacled monstrosity
 21713 | Abyss:4  | Noticed a bone dragon
 21940 | Abyss:4  | Killed from afar by a smoke demon

Levels and vault maps discovered:
D:1:      nicolae_arrival_somewhat_less_tricky_arrival, layout_basic
D:2:      layout_rooms, lemuel_coloured_pillars_altar,
          gammafunk_temple_overflow_pools, minmay_tromino_i2
D:3:      layout_rooms, nicolae_ru_great_annihilating_truth,
          nicolae_tso_swordbearing_angel
D:4:      layout_basic
D:5:      layout_basic, first_ration
D:6:      layout_layer_cave, kennysheep_little_box, basic_altar, uniq_sigmund
D:7:      layout_cave_pools, elyvilon_altar_4, trog_ov_bears_minmay,
          grunt_temple_overflow_open, temple_pool_b, uniq_menkaure
D:8:      layout_gridville, serial_shops, shop
D:9:      layout_small_grid, nicolae_overflow_quartered_altars, uniq_psyche
D:10:     layout_long_grid, uniq_nergalle, uniq_maurice, uniq_joseph,
          uniq_harold, uniq_erolcha
D:11:     minmay_the_grid_net [minmay_the_grid_slots,
          minmay_the_grid_aliased_spiral, minmay_the_grid_odd_star,
          minmay_the_grid_large_cup, minmay_the_grid_rooms,
          minmay_the_grid_prize_diamond_cup], layout_cave_pools,
          lair_entry_dummy, hangedman_ranch [blue_anna_fruit_fields]
D:12:     layout_basic, minmay_unpleasant_kobolds, uniq_azrael
D:13:     layout_roguey, minmay_guarded_unrand_resistance, uniq_rupert
Temple:   compressed_dpeg_triangle_lava_temple
Lair:1:   layout_concentric_octagons
Lair:2:   layout_gridlike, skrybe_swamp_entry_bodies, grunt_megastairs_4,
          infiniplex_staircase_pool
Lair:3:   layout_gridlike, basic_altar, hangedman_lair_unloving_vines,
          minivault_26
Lair:4:   layout_small_grid, dummy_spider_entry,
          grunt_forest_large_clearing_hut, uniq_josephine
Lair:5:   layout_cave_pods, uniq_urug
Lair:6:   minmay_lair_end_enchanted_forest, layout_regular_city,
          minmay_slime_entry_oklob_open, basic_altar
Orc:1:    layout_caves, serial_shops, shop, special_room [special_room_bee],
          uniq_sonja
Orc:2:    st_orc_ogre_mass, layout_caves
Abyss:3:  hangedman_abyss_shoalhut
Abyss:4:  nicolae_abyss_rune_star_stuff

Skill      XL: |  1  2  3  4  5  6  7  8  9 10 11 12 13 14 15 |
---------------+----------------------------------------------+-----
Fighting       | 3 4 5 6 7 8 10 | 10.0
Throwing       | 5 6 7 8 9 12 14 | 14.1
Staves         | 1 3 7 9 12 14 | 14.0
Armour         | 5 7 9 10 | 10.0
Dodging        | 4 8 |  8.4
Invocations    | 8 |  8.0
Evocations     | 2 6 |  6.5
Stealth        | |  0.6

Action                   |  1- 3 |  4- 6 |  7- 9 | 10-12 | 13-15 || total
-------------------------+-------+-------+-------+-------+-------++-------
Melee: Short sword       |    81 |       |       |       |       ||    81
       Spear             |    49 |   103 |    52 |       |       ||   204
       Quarterstaff      |       |    76 |   173 |   477 |  1393 ||  2119
       Trident           |       |       |     1 |       |       ||     1
       Hand axe          |       |       |     8 |       |       ||     8
 Fire: Blowgun           |       |    18 |    11 |     9 |       ||    38
Throw: Stone             |    38 |    60 |   103 |    26 |       ||   227
       Large rock        |     4 |     5 |    12 |    10 |    41 ||    72
       Throwing net      |       |       |       |     2 |     2 ||     4
       Tomahawk          |       |       |       |    14 |   107 ||   121
       Javelin           |       |       |       |       |     4 ||     4
Invok: Heroism           |       |       |       |     1 |     8 ||     9
       Finesse           |       |       |       |       |     3 ||     3
Evoke: Wand              |       |       |       |     2 |     7 ||     9
  Use: Scroll            |     4 |     5 |     4 |    12 |    15 ||    40
       Potion            |       |     1 |       |     4 |    10 ||    15
 Stab: Sleeping          |     2 |     2 |     1 |       |       ||     5
       Invisible         |       |     1 |       |       |       ||     1
       Held in net/web   |       |       |       |     2 |     1 ||     3
       Petrified         |       |       |       |       |     1 ||     1
  Eat: Chunk             |     1 |     9 |    17 |     8 |    19 ||    54
       Ration            |       |       |       |     1 |     5 ||     6
Armor: Robe              |    27 |    53 |    48 |       |       ||   128
       Storm dragon scal |       |       |    35 |   202 |   379 ||   616
Dodge: Dodged            |    75 |   120 |   140 |   409 |  1134 ||  1878

Table legend:
 A = Non-vault XP
 B = Vault XP
 C = Vault XP percentage of total XP
 D = Non-vault monster count
 E = Vault monster count
 F = Vault count percentage of total count
                 A         B        C        D         E       F
            +---------+---------+-------+---------+---------+-------
      Total |   59561 |   48064 |  44.7 |     442 |     188 |  29.8
            +---------+---------+-------+---------+---------+-------
        D:1 |      43 |       1 |   2.3 |      28 |       1 |   3.4
        D:2 |      94 |       1 |   1.1 |      31 |       1 |   3.1
        D:3 |      83 |      55 |  39.9 |      23 |       4 |  14.8
        D:4 |     452 |       0 |   0.0 |      20 |       0 |   0.0
        D:5 |     668 |       0 |   0.0 |      16 |       0 |   0.0
        D:6 |     473 |     227 |  32.4 |      10 |       1 |   9.1
        D:7 |     147 |     411 |  73.7 |       6 |       3 |  33.3
        D:8 |    3995 |       0 |   0.0 |      36 |       0 |   0.0
        D:9 |    1184 |     439 |  27.0 |      14 |       1 |   6.7
       D:10 |    4501 |    2825 |  38.6 |      34 |       4 |  10.5
       D:11 |    1268 |    7864 |  86.1 |      18 |      37 |  67.3
       D:12 |    4619 |    2325 |  33.5 |      28 |      13 |  31.7
       D:13 |     533 |       0 |   0.0 |       1 |       0 |   0.0
     Lair:1 |    1529 |       0 |   0.0 |       9 |       0 |   0.0
     Lair:2 |    2689 |     844 |  23.9 |      14 |       3 |  17.6
     Lair:3 |    8316 |       0 |   0.0 |      24 |       0 |   0.0
     Lair:4 |    5667 |    4134 |  42.2 |      25 |       9 |  26.5
     Lair:5 |    1833 |     831 |  31.2 |       9 |       1 |  10.0
     Lair:6 |    8773 |    9445 |  51.8 |      35 |      47 |  57.3
      Orc:1 |    3627 |    2591 |  41.7 |      28 |      26 |  48.1
      Orc:2 |    1370 |   14958 |  91.6 |      12 |      35 |  74.5
    Abyss:3 |    5032 |       0 |   0.0 |      12 |       0 |   0.0
    Abyss:4 |    2665 |    1113 |  29.5 |       9 |       2 |  18.2
            +---------+---------+-------+---------+---------+-------
